[Event "Titled Tuesday Blitz December 7 2021"]
[White "Tanenbaum, Zachary"]
[Black "Gontcharov, Vladislav"]
[WhiteFideId "2060850"]
[BlackFideId "4123492"]
[WhiteElo "2168"]
[BlackElo "2503"]
[Result "1-0"]
[Round "11"]
[TimeControl "180+1"]
[Date "2021.12.07"]
[WhiteClock "0:00:05"]
[BlackClock "0:00:07"]

1. e4 e6 2. d4 d5 3. Nc3 Bb4 4. exd5 exd5 5. Bd3 Ne7 6. Nf3 Bf5 7. O-O O-O 8. Bxf5 Nxf5 9. Qd3 Qd7 10. Ne5 Qe6 11. Nxd5 Qxd5 12. Qxf5 Bd6 13. Qf3 Qxd4 14. Nxf7 Nc6 15. Be3 Qh4 16. g3 Qe7 17. Nh6+ gxh6 18. Qg4+ Qg7 19. Qe6+ Rf7 20. Bxh6 Qg6 21. Qh3 Qxc2 22. Rae1 Ne5 23. Kh1 Qf5 24. Qh4 Qf3+ 25. Kg1 Qg4 26. Qxg4+ Nxg4 27. Bd2 Re7 28. Rxe7 Bxe7 29. h3 Ne5 30. Kg2 Bd6 31. Bc3 Re8 32. Re1 Kf7 33. f4 Nc6 34. Rxe8 Kxe8 35. Kf3 Kf7 36. Ke4 Nd8 37. g4 Ne6 38. Bd2 h6 39. h4 Nc5+ 40. Kf5 Nd3 41. b3 Bb4 42. Be3 Bc5 43. Bd2 Nb4 44. g5 Nxa2 45. g6+ Kg8 46. h5 Bd4 47. Ke6 Kg7 48. f5 c5 49. Bf4 b5 50. Bd6 Nc1 51. Be7 Nxb3 52. f6+ Bxf6 53. Bxf6+ Kg8 54. Be5 a5 55. Kf5 a4 56. g7 a3 57. Kg6 b4 58. Kxh6 c4 59. Kg6 1-0


[Site "https://www.chess.com"]

[Event "Titled Tuesday Blitz December 7 2021"]
[White "Todorovic, Bojan"]
[Black "Pacheco Lugo, Alejandro Jose"]
[WhiteFideId "917087"]
[BlackFideId "3903745"]
[WhiteElo "2266"]
[BlackElo "2125"]
[Result "0-1"]
[Round "11"]
[TimeControl "180+1"]
[Date "2021.12.07"]
[WhiteClock "0:00:02"]
[BlackClock "0:00:39"]

1. d4 Nf6 2. c4 e6 3. Nf3 d6 4. Nc3 Nbd7 5. e4 e5 6. Be2 Be7 7. O-O O-O 8. b3 Re8 9. Bb2 c6 10. Re1 Bf8 11. d5 a5 12. Qd2 Nc5 13. Bd1 Qb6 14. Rb1 Bd7 15. h3 h6 16. Bc1 Qc7 17. a3 Na6 18. b4 axb4 19. axb4 Rec8 20. Be2 cxd5 21. exd5 Bf5 22. Rb3 Qb6 23. Qe3 Nc5 24. Nd2 Na4 25. c5 dxc5 26. Nc4 Qa7 27. Nb5 Qb8 28. d6 Be6 29. Qxe5 cxb4 30. Rxb4 Rc5 31. Qf4 Nd5 32. Qd4 Nxb4 0-1


[Site "https://www.chess.com"]

[Event "Titled Tuesday Blitz December 7 2021"]
[White "Tologon tegin, Semetei"]
[Black "Azadaliyev, Jahandar"]
[WhiteFideId "13800574"]
[BlackFideId "13425811"]
[WhiteElo "2224"]
[BlackElo "1795"]
[Result "1-0"]
[Round "11"]
[TimeControl "180+1"]
[Date "2021.12.07"]
[WhiteClock "0:00:12"]
[BlackClock "0:00:14"]

1. d4 Nf6 2. Nc3 d5 3. Bf4 e6 4. Nb5 Bd6 5. Nxd6+ cxd6 6. c3 Nc6 7. e3 O-O 8. Nf3 Re8 9. Be2 e5 10. Bg5 Be6 11. O-O h6 12. Bh4 Rc8 13. Qb3 Na5 14. Qb4 Qc7 15. dxe5 dxe5 16. Nxe5 Qxe5 17. Qxa5 Ne4 18. Qxa7 Ra8 19. Qd4 Qc7 20. a3 Qc6 21. a4 Nd6 22. Bg3 Nc4 23. b3 Nd6 24. Rfc1 Rec8 25. Qb4 Ne4 26. Be5 Bf5 27. Bd4 Qg6 28. Qxb7 Nd2 29. Kh1 Rab8 30. Qa6 Nxb3 31. Qxg6 Bxg6 32. a5 Nxc1 33. Rxc1 Rb2 34. Re1 Rcb8 35. h3 Be4 36. Kg1 Ra2 37. a6 Bf5 38. a7 Rbb2 39. c4 Rb7 40. cxd5 Be4 41. d6 Rd7 42. Bc5 Ra5 43. Bf3 f5 44. Bxe4 fxe4 45. Rc1 Kf7 46. Bb6 Ra6 47. Bd4 Ke6 48. Rc8 Raxa7 49. Bxa7 Rxa7 50. Rd8 Ra1+ 51. Kh2 Rd1 52. Kg3 Kf5 53. f3 exf3 54. gxf3 Ke6 55. Kf4 g5+ 56. Kg4 Rh1 57. e4 Rf1 58. h4 gxh4 59. f4 h5+ 60. Kxh4 Rxf4+ 61. Kxh5 Rf1 62. Kg6 Rg1+ 63. Kh5 Rd1 64. Kg5 Rxd6 65. Rxd6+ Kxd6 66. Kf6 Kd7 67. e5 Kd8 68. Kf7 Kd7 69. e6+ Kc6 70. e7 Kd5 71. e8=Q Kd4 72. Qe6 Kd3 73. Kf6 Kd2 74. Kf5 Kc3 75. Qe4 Kb3 76. Kf4 Kb2 77. Ke3 Kb3 78. Kd3 Ka3 79. Qc6 Kb2 80. Qb7+ Ka1 81. Kc2 Ka2 82. Qa8# 1-0


[Site "https://www.chess.com"]

[Event "Titled Tuesday Blitz December 7 2021"]
[White "Torres Cueto, Jesus Marcial"]
[Black "Przybylski, Wojciech"]
[WhiteFideId "4415280"]
[BlackFideId "1117599"]
[WhiteElo "2059"]
[BlackElo "2247"]
[Result "1-0"]
[Round "11"]
[TimeControl "180+1"]
[Date "2021.12.07"]
[WhiteClock "0:00:15"]
[BlackClock "0:00:11"]

1. Nf3 Nf6 2. g3 d5 3. Bg2 c6 4. O-O Bg4 5. c4 e6 6. cxd5 exd5 7. b3 Nbd7 8. Bb2 Bd6 9. d3 O-O 10. Nbd2 Re8 11. Rc1 Qa5 12. Ra1 Ba3 13. Bxa3 Qxa3 14. Re1 Rad8 15. h3 Bxf3 16. Nxf3 Nc5 17. Qc2 Ne6 18. e3 h6 19. Rad1 Nc5 20. Rc1 Ncd7 21. e4 dxe4 22. dxe4 Nf8 23. e5 Nd5 24. Re2 Nb4 25. Qb1 Ne6 26. Kh2 Rd7 27. Nh4 Nd4 28. Rd2 Rxe5 29. Rcd1 c5 30. Nf3 Nxf3+ 31. Bxf3 Rxd2 32. Rxd2 Re8 33. Bxb7 Qa5 34. Qf5 Qb6 35. Rd7 Qe6 36. Qxe6 Rxe6 37. Rc7 Re5 38. Bf3 Nd3 39. Rxa7 Rf5 40. Ra8+ Kh7 41. Be4 g6 42. Bxf5 gxf5 43. Kg2 Kg6 44. a4 Kf6 45. a5 Nb4 46. a6 h5 47. a7 Nc6 48. h4 f4 49. gxf4 Kg7 50. Kf3 Kf6 51. Ke4 Ke7 52. Kd5 Nb4+ 53. Kxc5 Na6+ 54. Kb6 Nb4 55. Rb8 Nd5+ 56. Kb7 Nxf4 57. a8=Q Ne6 58. Re8+ Kf6 59. Qd8+ Nxd8+ 60. Rxd8 Ke7 61. Kc7 f5 62. b4 Ke6 63. b5 Ke5 64. b6 Kf4 65. b7 Kg4 66. b8=Q Kxh4 67. Rd4+ Kh3 68. Qg8 h4 69. Rd1 Kh2 70. Rg1 f4 71. Qg2# 1-0


[Site "https://www.chess.com"]

[Event "Titled Tuesday Blitz December 7 2021"]
[White "Vakhlamov, Igor L."]
[Black "Sviridov, Valery"]
[WhiteFideId "24126748"]
[BlackFideId "4120680"]
[WhiteElo "2416"]
[BlackElo "2454"]
[Result "0-1"]
[Round "11"]
[TimeControl "180+1"]
[Date "2021.12.07"]
[WhiteClock "0:00:22"]
[BlackClock "0:01:53"]

1. e4 e5 2. Nf3 Nc6 3. Nc3 Nf6 4. Bb5 Bc5 5. O-O O-O 6. Nxe5 Nxe5 7. d4 Bd6 8. f4 Ng6 9. e5 Be7 10. exf6 Bxf6 11. Nd5 c6 12. Nxf6+ Qxf6 13. Bd3 Qxd4+ 14. Kh1 d5 15. f5 Ne5 16. f6 Nxd3 17. cxd3 Bg4 18. Qb3 Be2 19. Re1 Qxf6 20. Be3 Bg4 21. Qxb7 Rfb8 22. Qc7 Rxb2 23. Rac1 Bf3 24. Rg1 d4 25. Bxd4 Qxd4 26. gxf3 Rxa2 27. Qxc6 Rd8 28. Rce1 g6 29. Re7 a5 30. Rge1 a4 31. Re8+ Rxe8 32. Qxe8+ Kg7 33. Qe5+ Qxe5 34. Rxe5 a3 35. Ra5 Kf6 36. h4 h5 37. Kg1 Ke6 38. f4 Kd6 39. f5 gxf5 40. Rxf5 Rb2 41. Rb5 a2 42. Rxb2 a1=Q+ 43. Kf2 Qxb2+ 44. Kf3 Qf6+ 45. Ke4 Qxh4+ 46. Kf3 Qg4+ 47. Ke3 h4 48. d4 h3 49. d5 h2 50. Kf2 h1=Q 51. Ke3 Qhh3+ 52. Kf2 Qgg2+ 53. Ke1 Kxd5 54. Kd1 Ke6 55. Ke1 Ke7 56. Kd1 Kf8 57. Ke1 f5 58. Kd1 f4 59. Ke1 Qe3+ 60. Kd1 Qe8 61. Kc1 f3 62. Kd1 Qge2+ 63. Kc1 Q8e3+ 64. Kb1 Qe4+ 65. Kc1 Q4c4+ 66. Kb1 Qb3+ 67. Ka1 Qa3+ 68. Kb1 Qae7 69. Ka1 f2 70. Kb1 f1=Q# 0-1


[Site "https://www.chess.com"]

[Event "Titled Tuesday Blitz December 7 2021"]
[White "Vantika, Agrawal"]
[Black "Begmuratov, Khumoyun"]
[WhiteFideId "25050389"]
[BlackFideId "14210207"]
[WhiteElo "1917"]
[BlackElo "1961"]
[Result "0-1"]
[Round "11"]
[TimeControl "180+1"]
[Date "2021.12.07"]
[WhiteClock "0:00:05"]
[BlackClock "0:00:07"]

1. Nf3 Nf6 2. c4 g6 3. Nc3 Bg7 4. e4 O-O 5. d4 d6 6. Be2 b6 7. O-O Bb7 8. e5 dxe5 9. Nxe5 Nbd7 10. Be3 Nxe5 11. dxe5 Ne4 12. Qxd8 Raxd8 13. Bf3 Nxc3 14. Bxb7 Ne2+ 15. Kh1 Bxe5 16. Rae1 Nd4 17. Bxd4 Bxd4 18. Rxe7 c5 19. Bd5 Kg7 20. b3 a5 21. g3 Rde8 22. Rfe1 Rxe7 23. Rxe7 Bxf2 24. Rb7 Bd4 25. Rxb6 f5 26. Rb7+ Kh6 27. Ra7 Bc3 28. Kg2 Re8 29. Kf3 Bd4 30. Rxa5 Re3+ 31. Kg2 Re2+ 32. Kh1 g5 33. Ra6+ Kg7 34. a4 Re1+ 35. Kg2 Rg1+ 36. Kf3 Rf1+ 37. Ke2 Rf2+ 38. Kd3 Rxh2 39. Ra7+ Kh6 40. a5 Rb2 41. Rb7 Ra2 42. Rb6+ Kh5 43. a6 Kg4 44. Be6 h5 45. Bc8 Kxg3 46. Bxf5 g4 47. b4 Ra3+ 48. Ke4 Kf2 49. bxc5 Bxc5 50. Rb5 g3 51. Bh3 Ba7 52. Rxh5 Rxa6 53. Rf5+ Kg1 54. Rg5 Ra3 55. Kf4 Be3+ 56. Kf5 Bxg5 57. Kxg5 g2 58. Bxg2 Kxg2 59. Kf5 Rc3 60. Ke4 Rxc4+ 61. Kd5 Rc8 0-1


[Site "https://www.chess.com"]

[Event "Titled Tuesday Blitz December 7 2021"]
[White "Volkov, Maksim"]
[Black "Elissalt Cardenas, Hector"]
[WhiteFideId "54123070"]
[BlackFideId "3500632"]
[WhiteElo "2081"]
[BlackElo "2208"]
[Result "1-0"]
[Round "11"]
[TimeControl "180+1"]
[Date "2021.12.07"]
[WhiteClock "0:00:41"]
[BlackClock "0:00:02"]

1. d4 d5 2. c4 e6 3. Nf3 Nf6 4. g3 Be7 5. Bg2 O-O 6. O-O dxc4 7. Qc2 b6 8. Nbd2 Bb7 9. Nxc4 Be4 10. Qb3 Nc6 11. e3 Qd5 12. Nh4 Bxg2 13. Nxg2 b5 14. Nd2 e5 15. dxe5 Nxe5 16. Nf4 Qxb3 17. Nxb3 c5 18. Bd2 Ne4 19. Rfd1 Rfd8 20. Be1 g5 21. Nd5 Nf3+ 22. Kf1 Kf8 23. h3 Rd6 24. Nc7 Rad8 25. Rxd6 Rxd6 26. Nxb5 Rf6 27. Ke2 Ng1+ 28. Kf1 Nxh3 29. f4 gxf4 30. gxf4 Rg6 31. Nxa7 c4 32. Nd4 Rg1+ 33. Ke2 Ng3+ 34. Kf3 Nh5 35. a4 Bh4 36. Nc2 Bxe1 37. Rxe1 Rg3+ 38. Ke4 Rg2 39. Rc1 f5+ 40. Kxf5 Ng3+ 41. Ke6 Re2 42. Nc6 Nxf4+ 43. Kd6 Nd3 44. Rg1 Nf5+ 45. Ke6 Ng7+ 46. Rxg7 1-0


[Site "https://www.chess.com"]

[Event "Titled Tuesday Blitz December 7 2021"]
[White "Vovk, Orest"]
[Black "Golubka, Petro"]
[WhiteFideId "14113490"]
[BlackFideId "14114224"]
[WhiteElo "2203"]
[BlackElo "2392"]
[Result "0-1"]
[Round "11"]
[TimeControl "180+1"]
[Date "2021.12.07"]
[WhiteClock "0:00:09"]
[BlackClock "0:00:28"]

1. h4 d6 2. h5 h6 3. Nc3 e5 4. d4 exd4 5. Qxd4 c5 6. Qd3 Nf6 7. Bf4 Nc6 8. O-O-O Nb4 9. Qe3+ Be6 10. a3 Nc6 11. Qg3 d5 12. e4 d4 13. e5 Nd5 14. Nxd5 Qxd5 15. b3 O-O-O 16. Bc4 Qd7 17. Bxe6 Qxe6 18. Qh3 c4 19. Qxe6+ fxe6 20. Kb2 b5 21. Rh4 Bc5 22. Nf3 Rhf8 23. g3 Rf5 24. Rg4 Rd7 25. Rg6 Nd8 26. b4 Bb6 27. c3 dxc3+ 28. Kc2 Rxd1 29. Kxd1 Bxf2 30. Ke2 Bxg3 31. Bxg3 c2 32. Kd2 Rxf3 33. Kxc2 Rxa3 34. Rxg7 Nc6 35. Kb2 Rb3+ 36. Kc1 Nxb4 37. Bf4 Nd3+ 38. Kc2 Nxf4 39. Rxa7 Nd5 40. Rh7 Nb4+ 41. Kd2 c3+ 42. Kc1 Rb2 43. Rxh6 Nd3+ 0-1


[Site "https://www.chess.com"]

[Event "Titled Tuesday Blitz December 7 2021"]
[White "Yilmaz, Mustafa"]
[Black "Krivonosov, Oleg"]
[WhiteFideId "6302718"]
[BlackFideId "11600349"]
[WhiteElo "2568"]
[BlackElo "2469"]
[Result "1-0"]
[Round "11"]
[TimeControl "180+1"]
[Date "2021.12.07"]
[WhiteClock "0:02:08"]
[BlackClock "0:01:46"]

1. b3 b6 2. e4 Bb7 3. Nc3 e5 4. Nf3 Nc6 5. Bc4 Bc5 6. O-O Nf6 7. d3 h6 8. Nd5 O-O 9. c3 Re8 10. b4 Bf8 11. a4 Nxd5 12. Bxd5 Qf6 13. a5 Rab8 14. Be3 d6 15. Qa4 b5 16. Qxb5 a6 17. Qa4 1-0


[Site "https://www.chess.com"]

[Event "Titled Tuesday Blitz December 7 2021"]
[White "Yoo, Christopher Woojin"]
[Black "Faizrakhmanov, Ramil"]
[WhiteFideId "30909694"]
[BlackFideId "24103209"]
[WhiteElo "2105"]
[BlackElo "2396"]
[Result "1-0"]
[Round "11"]
[TimeControl "180+1"]
[Date "2021.12.07"]
[WhiteClock "0:00:57"]
[BlackClock "0:00:02"]

1. e4 c5 2. Nf3 d6 3. d4 cxd4 4. Nxd4 Nf6 5. Nc3 a6 6. h4 e6 7. g4 Nc6 8. g5 Nd7 9. Be3 Qc7 10. Qe2 Nxd4 11. Bxd4 b5 12. Bg2 Bb7 13. f4 O-O-O 14. O-O-O Kb8 15. a3 h6 16. f5 hxg5 17. hxg5 Rxh1 18. Rxh1 Ne5 19. g6 fxg6 20. fxe6 Be7 21. Nd5 Bg5+ 22. Kb1 Qc4 23. Qxc4 Nxc4 24. Bxg7 Re8 25. Rh8 Rxh8 26. Bxh8 Bc8 27. Bh3 Nd2+ 28. Ka2 Bxe6 29. Bxe6 Nxe4 30. Bf7 Kb7 31. Bxg6 Nc5 32. b4 Nd7 33. Be4 Kc8 34. Bd4 Kd8 35. Kb3 Bc1 36. a4 bxa4+ 37. Kxa4 Bd2 38. Bd3 Nb8 39. Ba7 Nc6 40. Bb6+ Kd7 41. Bxa6 Ke6 42. Bc4 Ke5 43. b5 Nd4 44. c3 Ne6 45. Bg1 Nc5+ 46. Bxc5 dxc5 47. b6 1-0


[Site "https://www.chess.com"]

[Event "Titled Tuesday Blitz December 7 2021"]
[White "Yurovskykh, Oleksandr"]
[Black "Zhigalko, Sergei"]
[WhiteFideId "14134020"]
[BlackFideId "13502956"]
[WhiteElo "2292"]
[BlackElo "2662"]
[Result "0-1"]
[Round "11"]
[TimeControl "180+1"]
[Date "2021.12.07"]
[WhiteClock "0:00:02"]
[BlackClock "0:00:05"]

1. d4 Nf6 2. Nf3 e6 3. Bf4 d5 4. e3 c5 5. c3 Nc6 6. Nbd2 Bd6 7. Bg3 O-O 8. Bb5 Ne7 9. Bd3 Ng6 10. Bxd6 Qxd6 11. Bxg6 hxg6 12. Ne5 b6 13. f4 a5 14. h4 Ba6 15. g4 cxd4 16. exd4 Nd7 17. h5 g5 18. Ndf3 gxf4 19. Qd2 f6 20. Ng6 e5 21. Nxf8 Rxf8 22. dxe5 fxe5 23. O-O-O Nf6 24. g5 Ng4 25. Qxd5+ Qxd5 26. Rxd5 Bb7 27. Rhd1 Bxd5 28. Rxd5 e4 29. Nd2 Re8 30. Rf5 f3 31. Nxf3 exf3 32. Rxf3 Re2 33. Rf5 Ne5 34. b4 a4 35. h6 gxh6 36. gxh6 Kh7 37. Rf6 b5 38. Rb6 Nd3+ 39. Kd1 Rxa2 40. Rxb5 Kxh6 41. Ra5 Kg6 42. b5 Nb2+ 43. Ke2 Nc4+ 0-1